 Dungeon Crawl Stone Soup version 0.30-a0-373-gd37427bb62 (webtiles) character file.

Game seed: 4593107313171033853

28902 BankerBuddy the Basher (level 13, -1/86 (108) HPs)
             Began as a Demonspawn Gladiator on Nov 22, 2022.
             Was a Follower of Yredelemnul.
             Slain by a bound four-headed hydra (2 damage)
             ... on level 4 of the Lair of Beasts on Nov 23, 2022.
             The game lasted 00:55:17 (17295 turns).

BankerBuddy the Basher (Demonspawn Gladiator)      Turns: 17295, Time: 00:55:18

HP:   -1/86 (108)   AC: 29    Str: 16    XL:     13   Next: 12%
MP:   0/20          EV:  7    Int: 11    God:    Yredelemnul [*.....]
Gold: 1347          SH:  8    Dex: 21    Spells: 12/12 levels left

rFire   + . .      SeeInvis .    Q - +5 flail (flame)
rCold   . . .      Faith    .    j - orb {mayhem}
rNeg    . . .      Spirit   +    D - +0 plate armour
rPois   +          Reflect  .    c - +0 helmet
rElec   .          Harm     .    P - +1 cloak
rCorr   +          Rampage  .    A - +0 pair of gloves
Will    +....                    (boots unavailable)
Stlth   ..........               k - amulet "Trusted Companion" {Spirit rCorr}
HPRegen 0.34/turn                u - +4 ring of protection
MPRegen 0.17/turn                d - ring "Hazan" {rPois Dex+6}

@: heavily drained
A: hooves 3, icy blue scales 1, foul stench 1, icemail 1, condensation shield,
large bone plates 1, fire resistance 1, strong-willed 1, weak 1
a: Renounce Religion, Recall Undead Harvest


You were on level 4 of the Lair of Beasts.
You worshipped Yredelemnul.
Yredelemnul was aware of your devotion.
You visited 3 branches of the dungeon, and saw 15 of its levels.
You also visited: Sewer and Bailey.

You collected 1347 gold pieces.

Inventory:

Hand Weapons
 y - a +2 whip of venom
 Q - a +5 flail of flaming (weapon)
Missiles
 f - 34 boomerangs (quivered)
 F - 2 silver javelins
Armour
 c - a +0 helmet (worn)
 j - an orb of mayhem (worn)
 A - a +0 pair of gloves (worn)
 D - a +0 plate armour (worn)
 P - a +1 cloak (worn)
 S - a +1 pair of boots
Jewellery
 a - a +6 ring of strength
 d - the ring "Hazan" (right hand) {rPois Dex+6}
   (You found it on level 10 of the Dungeon)

   [ring of dexterity]

   Dex:       It affects your dexterity (+6).
   rPois:     It protects you from poison.
 h - an amulet of reflection
 k - the amulet "Trusted Companion" (around neck) {Spirit rCorr}
   (You found it on level 2 of the Dungeon)

   [amulet of guardian spirit]

   It causes incoming damage to be divided between your reserves of health and
   magic.
   rCorr:     It protects you from acid and corrosion.
 u - a +4 ring of protection (left hand)
 N - a ring of positive energy
 X - a ring of resist corrosion
Wands
 b - a wand of light (5)
 s - a wand of charming (32)
 w - a wand of digging (4)
 H - a wand of mindburst (14)
 O - a wand of iceblast (11)
 Z - a wand of polymorph (4)
Scrolls
 p - 4 scrolls of teleportation
 v - 6 scrolls of butterflies
 x - 4 scrolls of blinking
 E - a scroll of enchant weapon
 R - a scroll of identify
 U - 3 scrolls of summoning
 W - 2 scrolls of fear
Potions
 l - 2 potions of lignification
 m - 2 potions of haste
 n - 3 potions of brilliance
 o - 2 potions of invisibility
 t - 4 potions of heal wounds
 z - 6 potions of flight
 B - 6 potions of curing
 C - 3 potions of cancellation
 G - 2 potions of magic
 K - a potion of berserk rage
 T - 2 potions of ambrosia
 V - 2 potions of mutation
 Y - a potion of resistance
Miscellaneous
 e - a phial of floods
 I - a lightning rod (4/4)
 J - a phial of floods
 L - a condenser vane


   Skills:
 + Level 12.1 Fighting
 + Level 13.1 Maces & Flails
 - Level 1.7 Throwing
 + Level 10.1 Armour
 - Level 2.6 Dodging
 * Level 9.5 Invocations


You had 12 spell levels left.
You didn't know any spells.
Your spell library contained the following spells:

 Spells                   Type           Power      Damage    Failure   Level
 Freeze                   Ice            0%         1d3       100%        1
 Magic Dart               Conj           0%         1d3       100%        1
 Call Imp                 Summ           0%         N/A       100%        2
 Cigotuvi's Dreadful Rot  Necr/Pois/Air  0%         N/A       100%        2
 Ensorcelled Hibernation  Hex/Ice        0%         N/A       100%        2
 Passwall                 Tmut/Erth      0%         N/A       100%        2
 Poisonous Vapours        Pois/Air       0%         N/A       100%        2
 Scorch                   Fire           0%         2d5       100%        2
 Frozen Ramparts          Ice            0%         1d1       100%        3
 Hailstorm                Conj/Ice       0%         3d3       100%        3
 Mephitic Cloud           Conj/Pois/Air  0%         N/A       100%        3
 Spider Form              Tmut/Pois      0%         N/A       100%        3
 Stone Arrow              Conj/Erth      0%         3d7       100%        3
 Swiftness                Air            0%         N/A       100%        3
 Vhi's Electric Charge    Tloc/Air       0%         N/A       100%        3
 Anguish                  Hex/Necr       0%         N/A       100%        4
 Animate Armour           Summ/Erth      0%         N/A       100%        4
 Cause Fear               Hex            0%         N/A       100%        4
 Flame Wave               Conj/Fire      0%         2d4       100%        4
 Ice Form                 Ice/Tmut       0%         N/A       100%        4
 Arcjolt                  Conj/Air       0%         1d10      100%        5
 Summon Cactus Giant      Summ           0%         N/A       100%        6
 Dragon Form              Tmut           0%         N/A       100%        7
 Lehudib's Crystal Spear  Conj/Erth      0%         10d2      100%        8
 Maxwell's Capacitive Co  Air            0%         ∞         100%        8
 Dragon's Call            Summ           0%         N/A       100%        9
 Simulacrum               Ice/Necr       Unusable   N/A       N/A         6

Dungeon Overview and Level Annotations

Branches:
Dungeon (10/15)            Temple (1/1) D:5            Lair (4/5) D:10
  Swamp (0/4) Lair:2       Spider (0/4) Lair:2          Orc (0/2) D:10
  Sewer (visited)          Bailey (visited)
  Slime: Lair:4-5

Altars:
Ashenzari
Cheibriados
Dithmenos
Fedhas
Gozag
Hepliaklqana
Kikubaaqudgha
Makhleb
Nemelex Xobeh
Okawaru
Qazlal
Ru
Sif Muna
Trog
Uskayaw
Vehumet
Wu Jian
Xom
Yredelemnul


Innate Abilities, Weirdness & Mutations

You have hooves in place of feet.
You are partially covered in icy blue scales. (AC +2)
You may rarely emit foul miasma when damaged in melee.
A meltable icy envelope protects you from harm. (AC +4)
A meltable shield of frost defends you. (SH +4)
You are partially covered in large bone plates. (SH +4)
Your flesh is heat resistant. (rF+)
You are strong-willed. (Will+)
You are weak. (Str -2)


Message History

You hit the bound four-headed hydra but do no damage.
You kick the bound four-headed hydra.
The bound four-headed hydra is moderately damaged.
The bound four-headed hydra bites you.
You block the bound four-headed hydra's attack. x2
The bound four-headed hydra bites you.
You hit the bound four-headed hydra. You burn the bound four-headed hydra.
The bound four-headed hydra is moderately damaged.
You block the bound four-headed hydra's attack. x2
The bound four-headed hydra barely misses you. x2
You hit the bound four-headed hydra. You burn the bound four-headed hydra.
Your kick misses the bound four-headed hydra.
The bound four-headed hydra is moderately damaged.
The bound four-headed hydra barely misses you.
You block the bound four-headed hydra's attack.
The bound four-headed hydra bites you.
* * * LOW HITPOINT WARNING * * *
The bound four-headed hydra bites you.
* * * LOW HITPOINT WARNING * * *
You feel drained.
* * * LOW HITPOINT WARNING * * *
You barely miss the bound four-headed hydra.
The bound four-headed hydra is moderately damaged.
The bound four-headed hydra bites you but does no damage.
You block the bound four-headed hydra's attack. x2
The bound four-headed hydra barely misses you.
The bound four-headed hydra bites you.
* * * LOW HITPOINT WARNING * * *
You feel drained.
* * * LOW HITPOINT WARNING * * *
The bound four-headed hydra bites you!
* * * LOW HITPOINT WARNING * * *
You feel drained.
* * * LOW HITPOINT WARNING * * *
The bound four-headed hydra closely misses you.
The bound four-headed hydra bites you!
* * * LOW HITPOINT WARNING * * *
You feel drained.
You die...
Your body rises from the dead as a mindless zombie.

............
####...#P.....#
.#.#...##......
.....###..... #...#
#....#
#########...###....^
#......>......Z....#
###....##...##......
#@Z..##..###.###..
#...####..###.#...
#....# ....#......
...........##..........
.......................
..#..#P................
# #####..###..####.....
...# #.# ##..... ...P
####...^..


You could see a neutral bound four-headed hydra (fast, strong, insane).

Vanquished Creatures
  2 hydras
  An ogre mage (D:10)
  4 boulder beetles
  A centaur warrior (D:10)
  A tengu warrior (D:10)
  A fire crab (D:10)
  A cyclops (D:10)
  A cyclops (shapeshifter) (D:10)
  Maurice (D:9)
  6 elephants
  A black mamba (Lair:2)
  6 cane toads
  2 kobold demonologists (D:7)
  A komodo dragon (Lair:1)
  A yaktaur (D:10)
  A troll (D:9)
  A hornet (D:10)
  Eustachio (D:5)
  10 yaks
  A wyvern (Lair:4)
  A wraith (D:10)
  A basilisk (Lair:1)
  2 vampire mosquitoes (D:10)
  Grum (D:10)
  Menkaure (D:5)
  An acid dragon (shapeshifter) (D:10)
  6 water moccasins
  An acid dragon (D:10)
  2 ice beasts
  Pargi (D:4)
  4 black bears
  9 orc warriors
  9 wolves
  An ogre (D:10)
  A centaur (D:10)
  2 phantoms
  2 kobold brigands (D:7)
  A gnoll sergeant (D:8)
  7 bullfrogs
  5 scorpions
  5 wights
  11 killer bees
  An electric eel (Lair:1)
  3 orc priests
  2 hounds
  Jessica (D:2)
  A gnoll bouda (D:5)
  6 iguanas
  9 orc wizards
  5 hell rats
  12 gnolls
  6 adders
  3 river rats
  A white imp (D:8)
  An ufetubus (D:6)
  5 worms
  3 dart slugs
  22 orcs
  7 endoplasms
  4 giant cockroaches
  11 goblins
  6 hobgoblins
  5 quokkas
  12 ball pythons
  3 bats
  5 frilled lizards
  9 kobolds
  10 rats
271 creatures vanquished.

Vanquished Creatures (collateral kills)
  Harold (D:10)
  A boulder beetle (D:10)
  A manticore (D:10)
  7 elephants (Lair:4)
  3 cane toads (Lair:3)
  3 komodo dragons
  9 yaks
  A wyvern (D:8)
  A steam dragon (D:6)
  A spectral rime drake (Lair:4)
  2 orc warriors
  A black bear (Lair:4)
  5 elephant zombies (Lair:4)
  2 wolves
  A centaur (D:10)
  A kobold brigand (D:10)
  3 bullfrogs
  5 wights (D:9)
  2 water moccasin zombies
  2 killer bees
  2 yak zombies (Lair:4)
  2 hell rats (Lair:3)
  2 orc wizards (D:9)
  2 killer bee zombies
  An acid dragon zombie (D:10)
  A hell rat zombie (Lair:3)
  4 gnolls
  7 orcs
  5 goblins
  A hobgoblin (Bailey)
  12 kobolds
  A goblin zombie (D:7)
  A hobgoblin zombie (Bailey)
  5 kobold zombies (Bailey)
  8 orc zombies
  A plant (Lair:3)
107 creatures vanquished.

Vanquished Creatures (others)
  A cyclops (D:10)
  A basilisk (Lair:1)
  A hornet zombie (D:10)
  A human zombie (D:10)
  A wolf (D:10)
  2 vampire mosquito zombies (D:10)
  A centaur (D:10)
  A fire crab zombie (D:10)
  A wyvern zombie (Lair:4)
  2 cyclops zombies (D:10)
  5 yak zombies
  A wolf zombie (D:10)
  A centaur zombie (D:10)
  2 bullfrog zombies (Lair:4)
  A killer bee zombie (D:9)
  An ogre zombie (D:10)
  2 hell rat zombies (Lair:3)
  2 gnolls
  7 orc zombies
  2 orcs (D:7)
  A gnoll zombie (Bailey)
  2 kobold zombies
  38 fungi
  35 plants
112 creatures vanquished.

Grand Total: 490 creatures vanquished

Notes
Turn   | Place    | Note
-------+----------+-------------------------------------------
     0 | D:1      | BankerBuddy the Demonspawn Gladiator began the quest for
                  | the Orb.
     0 | D:1      | Reached XP level 1. HP: 16/16 MP: 1/1
   165 | D:1      | Reached skill level 3 in Maces & Flails
   168 | D:1      | Gained mutation: You have large cloven feet. [demonic
                  | ancestry]
   168 | D:1      | Reached XP level 2. HP: 22/22 MP: 2/2
   838 | D:2      | Found a faded altar of an unknown god.
   855 | D:2      | Noticed Jessica
   859 | D:2      | Reached XP level 3. HP: 28/28 MP: 3/3
   863 | D:2      | Killed Jessica
   894 | D:2      | Identified the amulet "Trusted Companion" {Spirit rCorr}
  1707 | D:3      | Reached skill level 4 in Maces & Flails
  1707 | D:3      | Gained mutation: A meltable shield of frost defends you.
                  | (SH +4) [demonic ancestry]
  1707 | D:3      | Reached XP level 4. HP: 17/34 MP: 1/4
  2200 | D:3      | Found a glowing drain.
  2219 | Sewer    | Entered a sewer
  2232 | Sewer    | Reached XP level 5. HP: 34/41 MP: 3/5
  2519 | D:3      | Found a blossoming altar of Fedhas.
  2521 | D:3      | Found a shimmering blue altar of Sif Muna.
  2529 | D:3      | Found a broken altar of Ashenzari.
  2531 | D:3      | Found a hazy altar of Hepliaklqana.
  2532 | D:3      | Found a stormy altar of Qazlal.
  2657 | D:3      | Reached skill level 5 in Maces & Flails
  3028 | D:3      | Gained mutation: You are partially covered in icy blue
                  | scales. (AC +2) [demonic ancestry]
  3028 | D:3      | Reached XP level 6. HP: 47/48 MP: 6/6
  3742 | D:4      | Reached skill level 6 in Maces & Flails
  3876 | D:4      | Gained mutation: You may rarely emit foul miasma when
                  | damaged in melee. [demonic ancestry]
  3876 | D:4      | Reached XP level 7. HP: 51/55 MP: 5/7
  3915 | D:4      | Noticed Pargi
  3926 | D:4      | Killed Pargi
  4119 | D:4      | Reached skill level 5 in Fighting
  4773 | D:5      | Entered Level 5 of the Dungeon
  4952 | D:5      | Noticed Menkaure
  4966 | D:5      | Killed Menkaure
  4967 | D:5      | Reached skill level 1 in Armour
  4975 | D:5      | Reached skill level 7 in Maces & Flails
  5336 | D:5      | Reached XP level 8. HP: 62/63 MP: 8/8
  5336 | D:5      | Found a staircase to the Ecumenical Temple.
  5490 | Temple   | Entered the Ecumenical Temple
  5986 | D:5      | Found an ornate altar of the Wu Jian Council.
  6218 | D:5      | Noticed Eustachio
  6230 | D:5      | Killed Eustachio
  6272 | D:5      | Reached skill level 8 in Maces & Flails
  6778 | D:6      | Found a basalt altar of Yredelemnul.
  6785 | D:6      | Became a worshipper of Yredelemnul the Dark
  6860 | D:6      | Found a hide-covered altar of Uskayaw.
  6973 | D:6      | Reached * piety under Yredelemnul
  7117 | D:6      | Gained mutation: A meltable icy envelope protects you from
                  | harm. (AC +4) [demonic ancestry]
  7117 | D:6      | Reached XP level 9. HP: 71/71 MP: 9/9
  7375 | D:7      | Reached skill level 9 in Maces & Flails
  7629 | D:7      | Found a flagged portal.
  7646 | Bailey   | Entered a bailey
  8386 | D:7      | Reached skill level 5 in Armour
  8628 | D:7      | Noticed a kobold demonologist
  8643 | D:7      | Noticed a sixfirhy
  8645 | D:7      | Noticed a kobold demonologist
  8647 | D:7      | Killed a kobold demonologist
  8648 | D:7      | Reached skill level 10 in Maces & Flails
  8671 | D:7      | Killed a kobold demonologist
  8679 | D:7      | Gained mutation: You have hoof-like feet. [demonic
                  | ancestry]
  8679 | D:7      | Reached XP level 10. HP: 75/80 MP: 10/10
  8976 | D:8      | Found a sacrificial altar of Ru.
  9052 | D:8      | Gained mutation: You occasionally lose the ability to drink
                  | potions when taking damage. [potion of mutation]
  9052 | D:8      | Gained mutation: You expend magic power (3 MP) to
                  | strengthen your wands. [potion of mutation]
  9053 | D:8      | Lost mutation: You occasionally lose the ability to drink
                  | potions when taking damage. [potion of mutation]
  9053 | D:8      | Lost mutation: You expend magic power (3 MP) to strengthen
                  | your wands. [potion of mutation]
  9053 | D:8      | Gained mutation: You expend magic power (3 MP) to
                  | strengthen your wands. [potion of mutation]
  9053 | D:8      | Gained mutation: You are dopey. (Int -2) [potion of
                  | mutation]
  9053 | D:8      | Gained mutation: You are frail. (-10% HP) [potion of
                  | mutation]
  9053 | D:8      | Lost mutation: You are dopey. (Int -2) [potion of mutation]
  9438 | D:8      | Lost mutation: You expend magic power (3 MP) to strengthen
                  | your wands. [potion of mutation]
  9438 | D:8      | Lost mutation: You are frail. (-10% HP) [potion of
                  | mutation]
  9438 | D:8      | Gained mutation: Your flesh is heat resistant. (rF+)
                  | [potion of mutation]
  9438 | D:8      | Gained mutation: You are weak. (Str -2) [potion of
                  | mutation]
  9438 | D:8      | Gained mutation: You are strong-willed. (Will+) [potion of
                  | mutation]
  9438 | D:8      | Gained mutation: You are partially covered in large bone
                  | plates. (SH +4) [potion of mutation]
 10153 | D:9      | Noticed Maurice
 10184 | D:9      | Killed Maurice
 10361 | D:9      | Found a snail-covered altar of Cheibriados.
 10944 | D:10     | Entered Level 10 of the Dungeon
 11005 | D:10     | Noticed Grum
 11023 | D:10     | Killed Grum
 11320 | D:10     | Found an iron altar of Okawaru.
 11337 | D:10     | Reached skill level 11 in Maces & Flails
 11410 | D:10     | Found a staircase to the Orcish Mines.
 11478 | D:10     | Found a burning altar of Makhleb.
 11561 | D:10     | Found a staircase to the Lair.
 11562 | D:10     | Noticed a fire crab
 11589 | D:10     | Killed a fire crab
 11635 | D:10     | Reached ** piety under Yredelemnul
 11638 | D:10     | Reached *** piety under Yredelemnul
 11701 | D:10     | Paralysed by a hornet for 2 turns
 11705 | D:10     | Reached XP level 11. HP: 58/89 MP: 8/11
 11851 | D:10     | Reached **** piety under Yredelemnul
 11976 | D:10     | Found a shadowy altar of Dithmenos.
 12013 | D:10     | Noticed Harold
 12031 | D:10     | Killed Harold
 12036 | D:10     | Reached ***** piety under Yredelemnul
 12224 | D:10     | Reached ****** piety under Yredelemnul
 12236 | D:10     | Noticed a boulder beetle
 12293 | D:10     | Killed a boulder beetle
 12294 | D:10     | Reached skill level 10 in Fighting
 12419 | D:10     | Noticed a centaur warrior
 12419 | D:10     | Noticed a tengu warrior
 12444 | D:10     | Your ally Harold died
 12452 | D:10     | Killed a centaur warrior
 12460 | D:10     | Killed a tengu warrior
 12573 | D:10     | Noticed a boulder beetle
 12594 | D:10     | Killed a boulder beetle
 12595 | D:10     | Reached skill level 12 in Maces & Flails
 12644 | D:10     | Noticed a seven-headed hydra
 12654 | D:10     | Killed a seven-headed hydra
 12875 | D:10     | Noticed an ogre mage
 12892 | D:10     | Killed an ogre mage
 12992 | D:10     | Identified the ring "Hazan" {rPois Dex+6}
 13274 | D:10     | Upgraded the game from 0.30-a0-371-gad7725a93e to
                  | 0.30-a0-373-gd37427bb62
 13328 | Lair:1   | Entered Level 1 of the Lair of Beasts
 13568 | Lair:1   | Reached skill level 1 in Invocations
 13668 | Lair:1   | Found an ornate altar of the Wu Jian Council.
 13669 | Lair:1   | Found a hide-covered altar of Uskayaw.
 13669 | Lair:1   | Noticed a boulder beetle
 13684 | Lair:1   | Killed a boulder beetle
 13685 | Lair:1   | Reached XP level 12. HP: 81/100 MP: 10/13
 13996 | Lair:2   | Found a hole to the Spider Nest.
 14002 | Lair:2   | Noticed a seven-headed hydra
 14019 | Lair:2   | Killed a seven-headed hydra
 14176 | Lair:2   | Reached skill level 5 in Invocations
 14402 | Lair:2   | Found a staircase to the Swamp.
 14441 | Lair:2   | Found a bloodstained altar of Trog.
 16002 | Lair:4   | Noticed a boulder beetle
 16114 | Lair:4   | Reached skill level 13 in Maces & Flails
 16155 | Lair:4   | Killed a boulder beetle
 16169 | Lair:4   | Noticed a boulder beetle
 16180 | Lair:4   | Killed a boulder beetle
 16181 | Lair:4   | Reached skill level 10 in Armour
 16390 | Lair:4   | Gained mutation: You have hooves in place of feet. [demonic
                  | ancestry]
 16390 | Lair:4   | Reached XP level 13. HP: 107/107 MP: 19/19
 17295 | Lair:4   | HP: 1/89 [bound four-headed hydra (10)]
 17295 | Lair:4   | Slain by a bound four-headed hydra

Illustrated notes

Levels and vault maps discovered:
D:1:      minmay_arrival_stone_box, layout_loops_ring, minmay_misc_feat_tower,
          nicolae_titane
D:2:      layout_basic, ebering_ecumenical_altar_webs, kennysheep_jessica_study
D:3:      layout_basic, minitemple, portal_sewer_entry_b, minivault_24,
          minmay_fractal_squares_gapless_5
D:4:      layout_basic, minmay_misc_feat_alley, nicolae_underground_beach,
          uniq_pargi
D:5:      layout_loops_ring, nicolae_wu_jian_immortal_techniques,
          minmay_temple_entry_offerings, uniq_menkaure, uniq_eustachio
D:6:      layout_gridville, kennysheep_ying_yang,
          nicolae_uskayaw_murder_on_the_dancefloor, st_stairs_4
D:7:      layout_rooms, enter_bailey_3
D:8:      layout_cave_pods, amcnicky_altar_gilded, serial_co_window_serial,
          co_window_corner_a, co_window_paths_a, co_window_paths_a,
          co_window_corner_a, co_window_corner_a, co_window_paths_c,
          co_window_unsneaky_path_d, co_window_corner_cb, co_window_corner_b,
          co_window_broadway_b, co_window_4corner_a
D:9:      layout_rooms, slow_altar_1, corexii_hall_statues_l,
          minmay_misc_feat_more_columns, kennysheep_generic_room_5, uniq_maurice
D:10:     minmay_the_grid_triangle_9x9_rhombus_thin_mashed
          [minmay_the_grid_triangle_9x9_pentomino_pain,
          minmay_the_grid_triangle_9x9_prize_insulated,
          minmay_the_grid_triangle_9x9_checkered,
          minmay_the_grid_triangle_9x9_stretched_checkered], layout_stronghold,
          okawaru_trees_1, nicolae_dithmenos_shadow_blocks,
          chequers_temple_overflow_statue_of_worship, minmay_lair_entry_lava,
          orc_0_dummy, minmay_curled_crystal, uniq_grum, uniq_harold
Temple:   nicolae_temple_superstar
Lair:1:   layout_roguey, nzn_masters_of_martial_movement, grunt_megastairs_3,
          infiniplex_staircase_pool
Lair:2:   layout_chaotic_city, swamp_mist_pool, dummy_spider_entry, basic_altar
Lair:3:   layout_misc_corridors, beast_lair_carwin_11
Lair:4:   layout_small_grid, slime_entry_2

Skill      XL: |  1  2  3  4  5  6  7  8  9 10 11 12 13 |
---------------+----------------------------------------+-----
Maces & Flails | 3 4 5 6 7 8 10 11 12 13 | 13.1
Fighting       | 3 4 5 6 7 9 11 12 | 12.1
Armour         | 1 3 5 7 9 10 | 10.1
Invocations    | 2 9 |  9.5
Throwing       | |  1.7
Dodging        | |  2.6

Action                   |  1- 3 |  4- 6 |  7- 9 | 10-12 | 13-15 || total
-------------------------+-------+-------+-------+-------+-------++-------
Melee: Flail             |    84 |   223 |    65 |   435 |    46 ||   853
       Kick              |    17 |    64 |    68 |       |    18 ||   167
       Punch             |       |     1 |     1 |       |       ||     2
       Whip              |       |       |   270 |   160 |       ||   430
Throw: Boomerang         |       |       |       |     2 |       ||     2
       Throwing net      |       |       |       |     1 |       ||     1
Invok: Bind Soul         |       |       |       |       |     2 ||     2
  Use: Potion            |     2 |     2 |     1 |     3 |       ||     8
       Scroll            |    10 |     2 |     4 |     4 |    10 ||    30
 Stab: Sleeping          |     1 |       |       |       |       ||     1
       Distracted        |       |       |     2 |    13 |     1 ||    16
Armor: Leather armour    |    23 |    23 |       |       |       ||    46
       Chain mail        |       |    67 |    59 |       |       ||   126
       Plate armour      |       |       |   124 |   339 |    60 ||   523
Dodge: Dodged            |    51 |    87 |    59 |   127 |    28 ||   352
Block: Other             |       |    49 |     3 |       |       ||    52
       Orb               |       |       |    37 |   168 |    29 ||   234

Table legend: (Time is in decaauts)
 A = Elapsed time spent in this place.
 B = Non-inter-level travel time spent in this place.
 C = Inter-level travel time spent in this place.
 D = Time resting spent in this place.
 E = Time spent auto-exploring this place.
 F = Levels seen in this place.
 G = Mean time per level.
                   A        B        C        D        E       F      G
               +--------+--------+--------+--------+--------+-----+--------+
         Total |  17076 |  17076 |      0 |   4749 |   5700 |  17 | 1004.5 |
       Dungeon |  12401 |  12401 |      0 |   3066 |   4652 |  10 | 1240.1 |
        Temple |    104 |    104 |      0 |      0 |      0 |   1 |  104.0 |
          Lair |   3894 |   3894 |      0 |   1342 |   1048 |   4 |  973.5 |
         Sewer |    251 |    251 |      0 |    137 |      0 |   1 |  251.0 |
        Bailey |    424 |    424 |      0 |    204 |      0 |   1 |  424.0 |
               +--------+--------+--------+--------+--------+-----+--------+

Top non-repeatable levels by time:
    D:10: 2356 daAuts
     D:3: 1583 daAuts
     D:5: 1524 daAuts
     D:8: 1315 daAuts
     D:4: 1301 daAuts
  Lair:3: 1244 daAuts
  Lair:4: 1217 daAuts
     D:6: 1057 daAuts
     D:2: 944 daAuts
     D:9: 799 daAuts
  Lair:2: 791 daAuts
     D:7: 771 daAuts
     D:1: 747 daAuts
  Lair:1: 640 daAuts
  Bailey: 424 daAuts
